 Dungeon Crawl Stone Soup version 0.32-a0-607-g64ea0e4219 (webtiles) character file.

Game seed: 713110250672852013

4013 YayAnonymity the Cleaver (level 10, -7/71 HPs)
             Began as a Demonspawn Berserker on Mar 3, 2024.
             Was an Elder of Trog.
             Killed from afar by an electric eel (8 damage)
             ... with a bolt of electricity
             ... in a bailey.
             The game lasted 00:14:27 (6606 turns).

YayAnonymity the Cleaver (Demonspawn Berserker)     Turns: 6606, Time: 00:14:28

Health: -7/71      AC: 10    Str: 22    XL:     10   Next: 3%
Magic:  10/10      EV: 26    Int:  7    God:    Trog [****..]
Gold:   306        SH:  0    Dex: 13    Spells: 9/9 levels left

rFire   x . .        b - +9 sling of the Wasteland {heavy, Fly rF- rC+ rN+++}
rCold   + . .        (no shield)
rNeg    + + +        i - +0 scale mail
rPois   +            (helmet restricted)
rElec   .            (no cloak)
rCorr   .            m - +0 pair of gloves
SInv    .            (no boots)
Will    +++..        h - amulet of the acrobat Stlth
                     c - ring of poison resistance
HPRegen 1.31/turn    C - ring of willpower
MPRegen 0.12/turn

%: acrobat
@: strong-willed, on berserk cooldown, acrobatic, flying, regenerating, slowed,
very slow
A: horns 1, thin metallic scales 2, powered by pain 2
a: Renounce Religion, Berserk, Trog's Hand, Brothers in Arms


You were in a bailey.
You worshipped Trog.
Trog was greatly pleased with you.
You visited 1 branch of the dungeon, and saw 7 of its levels.
You also visited: Sewer and Bailey.

You collected 306 gold pieces.

Inventory:

Hand Weapons
 a - a +1 hand axe of protection
 b - the +9 sling of the Wasteland (weapon) {heavy, Fly rF- rC+ rN+++}
   (You found it on level 4 of the Dungeon)

   rF-:       It makes you vulnerable to fire.
   rC+:       It protects you from cold.
   rN+++:     It renders you almost immune to negative energy.
   Fly:       It grants you flight.
Missiles
 e - 9 poisoned darts
Armour
 i - a +0 scale mail (worn)
 m - a +0 pair of gloves (worn)
 y - a +0 kite shield
Jewellery
 c - a ring of poison resistance (left hand)
 h - an amulet of the acrobat (around neck)
 C - a ring of willpower (right hand)
Wands
 t - a wand of mindburst (4)
 u - a wand of acid (11)
Scrolls
 q - a scroll of poison
 w - a scroll of fog
 x - 2 scrolls of identify
 z - a scroll of brand weapon
 A - a scroll of teleportation
 B - 2 scrolls of blinking
Potions
 d - 3 potions of curing {unknown}
 f - 3 potions of enlightenment
 g - 2 potions of ambrosia
 j - 2 potions of degeneration {unknown}
 k - 3 potions of mutation {unknown}
 l - 2 potions of might {unknown}
 n - a potion of lignification {unknown}
 o - a potion of experience {unknown}
 p - 2 potions of haste {unknown}
 r - 2 potions of attraction {unknown}
 s - a potion of brilliance {unknown}
 v - 4 potions of heal wounds {unknown}
 D - a potion of magic {unknown}


   Skills:
 - Level 4.0 Fighting
 * Level 12.8 Axes
 - Level 3.0 Armour
 - Level 3.0 Dodging


You had 9 spell levels left.
You didn't know any spells.
Your spell library was empty.

Dungeon Overview and Level Annotations

Branches:
Dungeon (7/15)             Temple (0/1) D:7           Sewer (visited)
 Bailey (1/1)

Altars:
Hepliaklqana

Shops:
D:5 (

Annotations:
D:5 3 runed translucent doors, DeathSocks's ghost, amateur VSDe


Innate Abilities, Weirdness & Mutations

You have a pair of small horns on your head.
You are mostly covered in thin metallic scales. (AC +3)
You sometimes gain power by taking damage.


Message History

The bolt of electricity hits you!
Your +1 hand axe of protection goes still.
You fly up into the air.
b - the +9 sling of the Wasteland (weapon)
{heavy, Fly rF- rC+ rN+++} An electric eel comes into view.
The electric eel shoots out a bolt of lightning at you!
The bolt of electricity hits you!
The electric eel shoots out a bolt of lightning at you!
The bolt of electricity misses you.
An electric eel comes into view.
The electric eel shoots out a bolt of lightning at you!
The bolt of electricity misses you.
Your skin crawls.
You feel strong-willed.
The electric eel shoots out a bolt of lightning at you!
The bolt of electricity hits you!
The electric eel shoots out a bolt of lightning at you!
The bolt of electricity hits you.
The electric eel shoots out a bolt of lightning at you!
The bolt of electricity hits you.
The electric eel shoots out a bolt of lightning at you!
The bolt of electricity hits you.
The electric eel shoots out a bolt of lightning at you!
The bolt of electricity misses you.
The electric eel shoots out a bolt of lightning at you!
The bolt of electricity hits you!
The electric eel shoots out a bolt of lightning at you!
The bolt of electricity hits you!
* * * LOW HITPOINT WARNING * * *
The electric eel shoots out a bolt of lightning at you!
The bolt of electricity hits you.
* * * LOW HITPOINT WARNING * * *
The electric eel shoots out a bolt of lightning at you!
The bolt of electricity hits you!
* * * LOW HITPOINT WARNING * * *
The electric eel shoots out a bolt of lightning at you!
The bolt of electricity misses you.
The electric eel shoots out a bolt of lightning at you!
The bolt of electricity hits you!
You die...

####################
≈≈≈≈≈≈≈≈≈≈≈≈≈≈≈≈≈≈≈≈≈
≈≈≈≈≈≈≈≈≈≈≈≈≈≈≈≈≈≈≈≈≈≈
≈≈≈≈≈≈≈≈≈≈≈≈≈≈≈≈≈≈≈≈≈≈≈
≈≈≈≈≈≈≈≈≈≈≈≈≈≈≈≈≈≈≈≈≈≈≈
≈≈≈≈≈≈≈≈≈≈≈≈≈≈≈≈≈≈≈≈≈≈≈
≈≈≈≈≈≈≈S≈S≈≈≈≈≈≈≈≈≈≈≈≈≈
≈≈≈≈≈≈≈@≈≈≈S≈≈≈≈≈≈≈≈≈≈
≈≈≈≈≈≈≈≈≈≈≈≈≈≈≈≈≈≈≈≈≈≈ #≈≈≈≈≈#
####~~~~o~~~~~~~~#### #≈≈≈≈≈#
+.............'..# #≈≈≈≈≈#
###############).#+# #≈≈≈≈≈#
#......)#.....')...# #≈≈≈≈≈#
#.ß.ß.ß.))....#)...#
#≈≈≈≈≈######.).##############.#
#≈≈≈≈≈~.#......# .~≈


You could see an orc knight and 3 electric eels.

Vanquished Creatures
  An orc knight (Bailey)
  An orc sorcerer (Bailey)
  Grinder (D:3)
  Prince Ribbit (D:6)
  A steam dragon (D:4)
  Menkaure (D:4)
  A water moccasin (D:5)
  2 orc warriors (Bailey)
  A black bear (D:5)
  An ogre (D:5)
  A centaur (D:6)
  3 phantoms (D:5)
  4 bullfrogs
  A gnoll sergeant (D:7)
  3 scorpions
  2 bullfrog zombies (D:5)
  A bombardier beetle (D:6)
  3 centaur zombies (D:5)
  2 bullfrog skeletons (D:5)
  A gnoll bouda (D:5)
  2 orc priests (D:3)
  4 hounds
  A jelly (D:5)
  2 sleepcaps (D:5)
  Jessica (D:3)
  3 iguanas
  6 orc wizards
  A scorpion zombie (D:5)
  A hound zombie (D:5)
  3 howler monkey zombies (D:5)
  6 adders
  21 gnolls
  A white imp (D:6)
  A ribbon worm (D:4)
  9 dart slugs
  25 orcs
  14 ball pythons
  9 bats
  7 endoplasms
  13 giant cockroaches
  12 goblins
  11 hobgoblins
  8 kobolds
  3 quokkas
  9 frilled lizards
  4 rats
209 creatures vanquished.

Vanquished Creatures (others)
  A hobgoblin (D:4)
1 creature vanquished.

Grand Total: 210 creatures vanquished

Notes
Turn   | Place    | Note
-------+----------+-------------------------------------------
     0 | D:1      | YayAnonymity the Demonspawn Berserker began the quest for
                  | the Orb.
     0 | D:1      | Reached XP level 1. HP: 18/18 MP: 1/1
   219 | D:1      | Gained mutation: You have a pair of small horns on your
                  | head. [demonic ancestry]
   219 | D:1      | Reached XP level 2. HP: 12/24 MP: 2/2
   305 | D:1      | Reached skill level 3 in Axes
  1033 | D:2      | Reached ** piety under Trog
  1034 | D:2      | Gained mutation: You sometimes gain a little power by
                  | taking damage. [demonic ancestry]
  1034 | D:2      | Reached XP level 3. HP: 29/29 MP: 3/3
  1740 | D:3      | Reached XP level 4. HP: 35/35 MP: 4/4
  2050 | D:3      | Found a faded altar of an unknown god.
  2120 | D:3      | Gained mutation: You are partially covered in thin metallic
                  | scales. (AC +2) [demonic ancestry]
  2120 | D:3      | Reached XP level 5. HP: 42/42 MP: 5/5
  2123 | D:3      | Reached skill level 4 in Axes
  2238 | D:3      | Noticed Jessica
  2242 | D:3      | Killed Jessica
  2242 | D:3      | Reached *** piety under Trog
  2448 | D:3      | Noticed Grinder
  2459 | D:3      | Killed Grinder
  2460 | D:3      | Reached skill level 5 in Axes
  2460 | D:3      | Reached XP level 6. HP: 39/48 MP: 6/6
  2753 | D:4      | Noticed a steam dragon
  2785 | D:4      | Killed a steam dragon
  2786 | D:4      | Reached skill level 6 in Axes
  2786 | D:4      | Reached XP level 7. HP: 49/54 MP: 7/7
  3146 | D:4      | Identified the +9 sling of the Wasteland {heavy, Fly rF-
                  | rC+ rN+++}
  3310 | D:4      | Noticed Menkaure
  3316 | D:4      | Killed Menkaure
  3317 | D:4      | Reached skill level 7 in Axes
  3794 | D:5      | Entered Level 5 of the Dungeon
  3794 | D:5      | Found Dosor's Weapon Shoppe.
  3867 | D:5      | Gained mutation: You are mostly covered in thin metallic
                  | scales. (AC +3) [demonic ancestry]
  3867 | D:5      | Reached XP level 8. HP: 59/60 MP: 8/8
  3890 | D:5      | Reached skill level 8 in Axes
  4119 | D:5      | Noticed DeathSocks's ghost (amateur VSDe)
  4138 | D:5      | Found a runed translucent gate.
  4138 | D:5      | Found a runed translucent gate.
  4141 | D:5      | Found a runed translucent gate.
  4327 | D:5      | Reached skill level 9 in Axes
  4806 | D:5      | Reached skill level 10 in Axes
  5051 | D:5      | Gained mutation: You sometimes gain power by taking damage.
                  | [demonic ancestry]
  5051 | D:5      | Reached XP level 9. HP: 65/65 MP: 9/9
  5288 | D:6      | Found a glowing drain.
  5326 | Sewer    | Entered a sewer
  5376 | Sewer    | Reached **** piety under Trog
  5662 | D:6      | Found a hazy altar of Hepliaklqana.
  5723 | D:6      | Noticed Prince Ribbit
  5730 | D:6      | Killed Prince Ribbit
  5731 | D:6      | Reached skill level 11 in Axes
  6360 | D:7      | Found a flagged portal.
  6394 | Bailey   | Entered a bailey
  6419 | Bailey   | Noticed an orc knight
  6440 | Bailey   | Killed an orc knight
  6441 | Bailey   | Reached skill level 12 in Axes
  6574 | Bailey   | Noticed an orc sorcerer
  6583 | Bailey   | Killed an orc sorcerer
  6584 | Bailey   | Reached XP level 10. HP: 71/71 MP: 10/10
  6593 | Bailey   | Noticed an orc knight
  6606 | Bailey   | HP: 1/71 [electric eel/bolt of electricity (11)]
  6606 | Bailey   | Killed from afar by an electric eel

Illustrated notes

Levels and vault maps discovered:
D:1:      kennysheep_arrival_seaside, layout_basic, nicolae_figureground_sparkle
D:2:      layout_rooms
D:3:      layout_basic, shapermc_ecumenical_altar_gd, uniq_grinder, uniq_jessica
D:4:      layout_cave_pods, minmay_misc_feat_columns, dk_rats_in_the_wall,
          uniq_menkaure
D:5:      layout_basic, gammafunk_ghost_nasty_kobolds, serial_undead,
          serial_undead_f, serial_undead_f, serial_undead_d, serial_undead_d,
          serial_shops, shop, kennysheep_decorative_pillar
D:6:      layout_rooms, nicolae_hepliaklqana_hazy_memory,
          mainiacjoe_sewer_entry_somewhere_in_here_1, corexii_leaking_fountain,
          kb_lookout_dungeons_type, uniq_prince_ribbit1
D:7:      layout_basic, minmay_temple_entry_statues, enter_bailey_2,
          serial_glass, glass_columns_a, glass_columns_a, feat_on_display,
          minmay_strange_pillars, uniq_maggie, uniq_maurice
Bailey:   bailey_axe_of_yendor_kennysheep, bailey

Skill      XL: |  1  2  3  4  5  6  7  8  9 |
---------------+----------------------------+-----
Armour         | 2 3 |  3.0
Dodging        | 2 3 |  3.0
Axes           | 3 5 6 7 10 12 | 12.8
Fighting       | 4 |  4.0

Action                     |  1- 3 |  4- 6 |  7- 9 | 10-12 || total
---------------------------+-------+-------+-------+-------++-------
  Melee: Hand axe          |   136 |    70 |   446 |       ||   652
         Headbutt          |    10 |    11 |    88 |       ||   109
   Fire: Sling             |       |       |    77 |       ||    77
 Invoke: Berserk           |       |     3 |    10 |       ||    13
         Trog's Hand       |       |     1 |       |     1 ||     2
    Use: Scroll            |       |     6 |     4 |       ||    10
 Armour: Animal skin       |    48 |       |       |       ||    48
         Scale mail        |    45 |    59 |   338 |    11 ||   453
  Dodge: Dodged            |   103 |    50 |   279 |     4 ||   436

Table legend: (Time is in decaauts)
 A = Elapsed time spent in this place.
 B = Non-inter-level travel time spent in this place.
 C = Inter-level travel time spent in this place.
 D = Time resting spent in this place.
 E = Time spent auto-exploring this place.
 F = Levels seen in this place.
 G = Mean time per level.
                   A        B        C        D        E       F      G
               +--------+--------+--------+--------+--------+-----+--------+
         Total |   6738 |   6580 |    158 |    451 |   4498 |   9 |  748.7 |
       Dungeon |   6171 |   6013 |    158 |    371 |   4266 |   7 |  881.6 |
         Sewer |    363 |    363 |      0 |      0 |    203 |   1 |  363.0 |
        Bailey |    203 |    203 |      0 |     79 |     28 |   1 |  203.0 |
               +--------+--------+--------+--------+--------+-----+--------+

Top non-repeatable levels by time:
     D:5: 1491 daAuts
     D:3: 1212 daAuts
     D:1: 1041 daAuts
     D:4: 967 daAuts
     D:6: 664 daAuts
     D:2: 663 daAuts
   Sewer: 363 daAuts
  Bailey: 203 daAuts
     D:7: 131 daAuts
